 Dungeon Crawl Stone Soup version 0.19.1 (webtiles) character file.

12285 Angani the Spear-Bearer (level 11, 0/90 HPs)
             Began as a Mummy Fighter on Nov 25, 2016.
             Was an Initiate of Gozag.
             Slain by a yak (10 damage)
             ... on level 3 of the Lair of Beasts.
             The game lasted 00:49:38 (12552 turns).

Angani the Spear-Bearer (Mummy Fighter)            Turns: 12552, Time: 00:49:39

Health: 0/90       AC: 17    Str: 20    XL:     11   Next: 60%
Magic:  11/11      EV: 10    Int:  8    God:    Gozag
Gold:   233        SH: 10    Dex: 14    Spells: 0 memorised, 10 levels left

rFire  . . .     SeeInvis .     a - +4 trident
rCold  + . .     Gourm    .     b - +0 scale mail
rNeg   + + +     Faith    .     c - +0 shield
rPois  ∞         Spirit   .     d - +0 helmet
rElec  .         Reflect  .     m - +0 cloak
rCorr  .         Harm     .     (no gloves)
MR     +....                    h - +2 pair of boots
Stlth  ..........               (no amulet)
                                o - +4 ring of protection
                                x - ring of protection from fire

@: gold aura
A: no food or potions, fire vulnerability, cold resistance 1, negative energy
resistance 3, torment resistance, unbreathing
a: Potion Petition, Call Merchant, Bribe Branch, Renounce Religion


You were on level 3 of the Lair of Beasts.
You worshipped Gozag.
Gozag was aware of your devotion.
You were not hungry.

You visited 3 branches of the dungeon, and saw 12 of its levels.
You also visited: Ice Cave.

You collected 1637 gold pieces.
You spent 28 gold pieces at shops.
You paid 1376 gold pieces to Gozag.

Inventory:

Hand Weapons
 a - a +4 trident (weapon)
 y - a +0 glaive
Armour
 b - a +0 scale mail (worn)
 c - a +0 shield (worn)
 d - a +0 helmet (worn)
 h - a +2 pair of boots (worn)
 m - a +0 cloak (worn)
Jewellery
 f - an uncursed ring of protection from magic
 o - a +4 ring of protection (right hand)
 v - an uncursed ring of wizardry
 x - a ring of protection from fire (left hand)
 A - an uncursed ring of protection from fire
 C - an uncursed ring of resist corrosion {unknown}
Wands
 i - a wand of iceblast (2/15)
 k - a wand of lightning (12/15)
 u - a wand of teleportation (4/9)
 B - a wand of acid (5/15)
 D - a wand of flame (18/48)
Scrolls
 e - a scroll of recharging
 j - 3 scrolls of blinking
 l - 3 scrolls of immolation
 n - 2 scrolls of magic mapping
 p - 3 scrolls of amnesia
 q - 3 scrolls of remove curse
 r - a scroll of random uselessness
 s - 2 scrolls of fear
 t - a scroll of fog {unknown}
 w - a scroll of summoning {unknown}
 z - a scroll of noise {unknown}
 E - a scroll of acquirement {unknown}
 G - a scroll of identify
Books
 g - a book of Battle

   Spells                             Type                      Level
   a - Infusion                       Charms                       1
   b - Shroud of Golubria             Charms/Translocation         2
   c - Song of Slaying                Charms                       2
   d - Spectral Weapon                Hexes/Charms                 3
   e - Regeneration                   Charms/Necromancy            3
 F - a book of Spatial Translocations

   Spells                             Type                      Level
   a - Blink                          Translocation                2
   b - Shroud of Golubria             Charms/Translocation         2
   c - Lesser Beckoning               Translocation                3
   d - Portal Projectile              Translocation                3
   e - Teleport Other                 Translocation                3
   f - Passage of Golubria            Translocation                4


   Skills:
 - Level 10.0 Fighting
 - Level 10.4 Polearms
 + Level 6.1 Armour
 - Level 5.1 Dodging
 - Level 5.0 Shields


You had 10 spell levels left.
You didn't know any spells.

Dungeon Overview and Level Annotations

Branches:
Dungeon (8/15)             Temple (1/1) D:5            Lair (3/6) D:8
 Shoals (0/4) Lair:3       Spider (0/4) Lair:3

Altars:
Ashenzari
Cheibriados
Dithmenos
Elyvilon
Fedhas
Gozag
Hepliaklqana
Kikubaaqudgha
Makhleb
Nemelex Xobeh
Okawaru
Qazlal
Ru
Sif Muna
Trog
Uskayaw
Vehumet
Xom
Yredelemnul
Zin
The Shining One

Shops:
D:4 *   D:8 *


Innate Abilities, Weirdness & Mutations

You do not eat or drink.
Your flesh is vulnerable to fire.
You are immune to poison.
Your flesh is cold resistant. (rC+)
You are immune to negative energy. (rN+++)
You are immune to unholy pain and torment.
You can survive without breathing.


Message History

The yak is heavily wounded.
The yak gores you.
* * * LOW HITPOINT WARNING * * *
You puncture the yak!
The yak is severely wounded.
The yak closely misses you. You block the yak's attack.
You puncture the yak!
The yak is almost dead.
You block the yak's attack. The yak gores you.
* * * LOW HITPOINT WARNING * * *
You puncture the yak!
You kill the yak!
You closely miss the yak.
The yak snorts and paws the ground.
You block the yak's attack.
You hit the yak.
The yak is lightly wounded.
The yak gores you!
You die...
Your body crumbles into a pile of gold.

.......,,..(....,*****,,***,,,*,*
.......,,.......** **,,* **,,,**
........,.......* *,..* **,,,**
........,.......*###*#..***,,,,,*
.......<,.......#P.##...,**,,,***
.......,,...............,,,,,,,,,
........................,,,,,,,,,
.#.###...#,,*,*#$$......,*****,*,
....#*#..##***##@$......** ****
....###...#####.$Y......****
...#..#...#P..#P........**,******
...........P............,,,,,,,,,
........................,,,,,,,,,
#..##...................,,,,,,,*,
...####.................,,,,***,,
#..#* #.................,,,,,***,
#...* #.................,,,,***,,


You could see a yak.

Vanquished Creatures
  A hydra (Lair:2)
  Pikel (D:8)
  The ghost of TheSquall the Cleaver, a novice MiBe of Trog (D:5)
  A black mamba (Lair:2)
  A komodo dragon (Lair:1)
  A spiny frog (Lair:1)
  The ghost of TheSquall the Cleaver, an amateur MiBe of Trog (D:4)
  A troll (D:7)
  Grinder (D:3)
  A hippogriff (Lair:2)
  15 blink frogs (Lair:1)
  3 hogs (D:7)
  A human (D:7)
  6 yaks
  Grum (D:8)
  A hungry ghost (D:7)
  2 basilisks (Lair:2)
  5 water moccasins
  5 porcupines
  A slave (D:8)
  2 phantoms
  2 ice beasts
  4 ogres
  3 wolves (D:8)
  3 centaurs (D:7)
  2 crocodiles (Lair:2)
  3 big kobolds
  11 bullfrogs
  A water moccasin zombie (D:8)
  A scorpion (D:8)
  A water moccasin skeleton (D:6)
  A wight (D:7)
  2 crimson imps
  A hound (D:7)
  2 jellies
  3 orc wizards
  2 bullfrog skeletons
  2 orc priests
  Terence (D:3)
  8 worker ants
  6 iguanas
  A hound zombie (D:5)
  2 hound skeletons
  A howler monkey zombie (D:6)
  Robin (D:2)
  A gnoll (D:8)
  10 adders
  3 shadow imps
  2 oozes (D:3)
  An adder skeleton (D:8)
  3 worms
  A dart slug (D:2)
  11 leopard geckos
  17 orcs
  A ball python (D:5)
  4 giant cockroaches
  28 goblins
  9 hobgoblins
  9 jackals
  3 quokkas (D:5)
  A ball python zombie (D:5)
  9 bats
  6 frilled lizards
  20 kobolds
  A leopard gecko skeleton (D:3)
  A quokka skeleton (D:7)
  8 rats
265 creatures vanquished.

Vanquished Creatures (others)
  An orc (D:6)
  A fungus (Lair:1)
  A plant (Lair:1)
3 creatures vanquished.

Grand Total: 268 creatures vanquished

Notes
Turn   | Place    | Note
-------+----------+-------------------------------------------
     0 | D:1      | Angani the Mummy Fighter began the quest for the Orb.
     0 | D:1      | Reached XP level 1. HP: 18/18 MP: 1/1
   339 | D:1      | Reached XP level 2. HP: 24/24 MP: 2/2
   739 | D:1      | Reached XP level 3. HP: 29/30 MP: 3/3
  1701 | D:2      | Found a sparkling altar of Nemelex Xobeh.
  1943 | D:2      | Reached XP level 4. HP: 38/38 MP: 4/4
  1957 | D:2      | Noticed Robin
  1991 | D:2      | Reached skill level 5 in Fighting
  2046 | D:2      | Killed Robin
  2320 | D:3      | Noticed Terence
  2333 | D:3      | Killed Terence
  2475 | D:3      | Reached XP level 5. HP: 44/44 MP: 5/5
  2480 | D:3      | Noticed Grinder
  2519 | D:3      | Killed Grinder
  2519 | D:3      | Reached XP level 6. HP: 35/51 MP: 6/6
  3453 | D:4      | Reached skill level 5 in Polearms
  3495 | D:4      | Noticed TheSquall's ghost (amateur MiBe)
  3514 | D:4      | Killed TheSquall's ghost
  3514 | D:4      | Reached XP level 7. HP: 53/56 MP: 7/7
  3922 | D:4      | Found Qogova Lyoc's Assorted Antiques.
  3930 | D:4      | Bought a scroll labeled CUHAAR MORCH for 28 gold pieces
  4060 | D:4      | Found a hazy altar of Hepliaklqana.
  4178 | D:5      | Entered Level 5 of the Dungeon
  4225 | D:4      | Reached skill level 1 in Dodging
  4480 | D:5      | Reached XP level 8. HP: 62/62 MP: 8/8
  4508 | D:5      | Noticed TheSquall's ghost (novice MiBe)
  4549 | D:5      | Killed TheSquall's ghost
  4870 | D:5      | Found a staircase to the Ecumenical Temple.
  4880 | Temple   | Entered the Ecumenical Temple
  5031 | Temple   | Became a worshipper of Gozag Ym Sagoz the Greedy
  5072 | D:5      | Found a shattered altar of Ashenzari.
  5263 | D:5      | Reached skill level 5 in Dodging
  5841 | D:6      | Found an opulent altar of Gozag.
  6491 | D:6      | Reached XP level 9. HP: 67/68 MP: 9/9
  6836 | D:7      | Reached skill level 5 in Armour
  6935 | D:7      | Noticed a troll
  6958 | D:7      | Killed a troll
  7233 | D:7      | Found a deep blue altar of Sif Muna.
  7233 | D:7      | Found a faded altar of an unknown god.
  7238 | D:7      | Found an iron altar of Okawaru.
  7272 | D:7      | Found a white marble altar of Elyvilon.
  7276 | D:7      | Found a snail-covered altar of Cheibriados.
  7420 | D:7      | Reached skill level 5 in Shields
  7655 | D:7      | Found a shimmering altar of Xom.
  8120 | D:8      | Reached XP level 10. HP: 80/80 MP: 10/10
  8222 | D:8      | Found a blossoming altar of Fedhas.
  8406 | D:8      | Noticed Pikel
  8428 | D:8      | Killed Pikel
  8465 | D:8      | Found Zin's Purification Station.
  8467 | D:8      | Found a glowing silver altar of Zin.
  8594 | D:8      | Found a staircase to the Lair.
  8604 | Lair:1   | Entered Level 1 of the Lair of Beasts
  8604 | Lair:1   | Noticed Grum
  8727 | D:8      | Killed Grum
  8937 | Lair:1   | Noticed a spiny frog
  8947 | Lair:1   | Killed a spiny frog
  8947 | Lair:1   | Reached skill level 10 in Fighting
  9116 | Lair:1   | HP: 1/85 [blink frog (7)]
  9898 | Lair:1   | Reached XP level 11. HP: 89/90 MP: 11/11
 10053 | Lair:1   | HP: 2/90 [blink frog (14)]
 11522 | Lair:2   | Noticed a four-headed hydra
 11540 | Lair:2   | Killed a four-headed hydra
 11540 | Lair:2   | Reached skill level 10 in Polearms
 12276 | Lair:3   | Found a frozen archway.
 12291 | IceCv    | Entered an ice cave
 12291 | IceCv    | Noticed Tyryt0's ghost (journeyman FoFi)
 12291 | IceCv    | Noticed BoredOne's ghost (journeyman DrTm)
 12552 | Lair:3   | Slain by a yak

Skill      XL: |  1  2  3  4  5  6  7  8  9 10 11 |
---------------+----------------------------------+-----
Fighting       | 4 5 7 10 | 10.0
Polearms       | 2 4 5 6 8 10 | 10.4
Dodging        | 2 5 |  5.1
Armour         | 4 5 6 |  6.1
Shields        | 5 |  5.0

Action                   |  1- 3 |  4- 6 |  7- 9 | 10-12 || total
-------------------------+-------+-------+-------+-------++-------
Melee: Trident           |   194 |   241 |   511 |   458 ||  1404
Invok: Potion Petition   |       |       |     1 |     2 ||     3
Evoke: Wand              |       |       |       |     5 ||     5
  Use: Scroll            |     4 |     3 |    11 |     2 ||    20
 Stab: Distracted        |       |       |     2 |       ||     2
Armor: Scale mail        |    94 |    89 |   189 |   165 ||   537
Dodge: Dodged            |    56 |    56 |   137 |   174 ||   423
Block: Shield            |    94 |    91 |   215 |   214 ||   614
